 Dungeon Crawl Stone Soup version 0.28.0-45-g0d030f2227 (webtiles) character file.

Game seed: 17674035738824034371

3161 Icepheonix32 the Skirmisher (level 9, 0/72 HPs)
             Began as a Demonspawn Fighter on Apr 6, 2022.
             Was a Believer of Okawaru.
             Slain by a wolf (3 damage)
             ... in a bailey.
             The game lasted 00:19:14 (8021 turns).

Icepheonix32 the Skirmisher (Demonspawn Fighter)    Turns: 8021, Time: 00:19:15

Health: 0/72       AC:  4    Str: 18    XL:     9   Next: 62%
Magic:  24/24      EV: 16    Int:  9    God:    Okawaru [**....]
Gold:   438        SH:  0    Dex: 18    Spells: 11/17 levels left

rFire   . . .      SeeInvis .   i - +3 spear (spect)
rCold   . . .      Faith    .   x - orb {light}
rNeg    . . .      Spirit   .   p - +0 leather armour
rPois   .          Reflect  .   (helmet unavailable)
rElec   .          Harm     .   (no cloak)
rCorr   .          Rampage  .   u - +0 pair of gloves
Will    .....                   (no boots)
Stlth   +.........              (no amulet)
HPRegen 0.22/turn               l - ring of magical power
MPRegen 0.19/turn               G - ring of wizardry

@: hasted, glowing, very quick
A: horns 3, repulsion field 1, demonic magic 1, agile 1, screaming 1, noise
suppression
a: Renounce Religion, Heroism


You were in a bailey.
You worshipped Okawaru.
Okawaru was pleased with you.
You visited 2 branches of the dungeon, and saw 8 of its levels.
You also visited: Sewer and Bailey.

You collected 438 gold pieces.

Inventory:

Hand Weapons
 a - a +0 long sword
 i - a +3 spectral spear (weapon)
 m - a +0 hand axe of electrocution
 v - a +2 mace of protection
Missiles
 d - 3 poisoned darts
 n - a boomerang
 C - 4 throwing nets (quivered)
 E - 5 datura-tipped darts
Armour
 b - a +0 scale mail
 c - a +0 buckler
 k - a +0 ring mail
 p - a +0 leather armour (worn)
 q - a +0 kite shield
 u - a +0 pair of gloves (worn)
 x - an orb of light (worn)
 K - a +0 pair of gloves
Magical Staves
 J - a staff of fire
Jewellery
 h - a ring of see invisible
 l - a ring of magical power (left hand)
 G - a ring of wizardry (right hand)
Wands
 B - a wand of digging (8)
 I - a wand of flame (25)
Scrolls
 e - a scroll of vulnerability
 f - 3 scrolls of teleportation
 g - 2 scrolls of identify
 j - a scroll of brand weapon
 s - 2 scrolls of fog
 y - a scroll of fear
 H - a scroll of noise
Potions
 r - 2 potions of curing
 t - a potion of might
 w - 3 potions of brilliance
 z - a potion of cancellation
 D - a potion of attraction
 F - a potion of resistance


   Skills:
 * Level 7.4 Fighting
 - Level 2.1 Long Blades
 - Level 3.8 Maces & Flails
 + Level 3.6 Polearms
 + Level 2.1 Throwing
 + Level 4.4 Armour
 * Level 4.9 Dodging
 + Level 2.5 Stealth
 - Level 3.2 Shields
 * Level 4.6 Spellcasting
 * Level 2.0 Conjurations


You had 11 spell levels left.
You knew the following spells:

 Your Spells              Type           Power      Damage    Failure   Level
a - Dazzling Flash        Conj/Hex       6%         N/A       24%         3
b - Mephitic Cloud        Conj/Pois/Air  3%         N/A       26%         3

Your spell library contained the following spells:

 Spells                   Type           Power      Damage    Failure   Level
 Magic Dart               Conj           20%        1d4       6%          1
 Apportation              Tloc           4%         N/A       12%         1
 Stone Arrow              Conj/Erth      6%         3d7       24%         3
 Iskenderun's Mystic Bla  Conj/Tloc      3%         2d3       58%         4
 Starburst                Conj/Fire      1%         6d3       100%        6
 Lehudib's Crystal Spear  Conj/Erth      1%         10d2      100%        8
 Animate Skeleton         Necr           Unusable   N/A       N/A         1
 Summon Small Mammal      Summ           Unusable   N/A       N/A         1
 Call Imp                 Summ           Unusable   N/A       N/A         2
 Animate Armour           Summ/Erth      Unusable   N/A       N/A         4

Dungeon Overview and Level Annotations

Branches:
Dungeon (7/15)             Temple (1/1) D:5           Sewer (visited)
 Bailey (1/1)

Altars:
Ashenzari
Cheibriados
Dithmenos
Elyvilon
Fedhas
Gozag
Hepliaklqana
Kikubaaqudgha
Makhleb
Nemelex Xobeh
Okawaru
Qazlal
Ru
Sif Muna
Trog
Uskayaw
Vehumet
Wu Jian
Xom
Yredelemnul
Zin
The Shining One

Shops:
D:6 (

Annotations:
D:2 1 runed translucent door, Crazy Yiuf


Innate Abilities, Weirdness & Mutations

You have a pair of large horns on your head.
You are surrounded by a mild repulsion field. (EV +2)
Spells you cast may paralyse adjacent enemies.
You are agile. (Dex +2)
You occasionally shout uncontrollably at your foes.
You passively dampen the noise of your surroundings.


Message History

The wolf misses you. The wolf misses you.
The gnoll sergeant is no longer blind.
The wolf barely misses you.
The gnoll shaman hits you from afar with a +0 spear.
The wolf completely misses you.
There is an open door here.
The wolf bites you.
There is an open door, spattered with blood here.
Items here: )))) [[[[ ÷÷.
The wolf bites you!
* * * LOW HITPOINT WARNING * * *
Unknown command.
You puncture the wolf!
The wolf is moderately wounded.
Your +3 spectral spear hits the wolf.
The wolf closely misses you.
Unknown command.
You are too injured to fight recklessly!
Unknown command.
The wolf misses you. The wolf closely misses you.
The wolf completely misses you. The wolf barely misses you.
The wolf bites you but does no damage. The wolf misses you.
The wolf closely misses you. The wolf bites you but does no damage.
The wolf closely misses you. The gnoll sergeant barely misses you.
The wolf barely misses you.
Things that are here:
a +0 spear; a +0 ring mail The wolf barely misses you. x2
There is an open door, spattered with blood here.
Items here: )))) [[[[.
The gnoll sergeant barely misses you.
You feel yourself speed up. The wolf bites you.
* * * LOW HITPOINT WARNING * * *
The gnoll sergeant closely misses you.
The wolf stops to sniff the ground.
The wolf misses you. The wolf misses you. The wolf bites you!
* * * LOW HITPOINT WARNING * * *
The wolf closely misses you. The wolf bites you.
You die...

♣♣.∩.♣♣♣♣
♣♣♣♣.......♣♣
♣♣♣.....).....♣♣♣
♣♣...............♣♣
♣♣≈≈≈≈≈≈≈...≈≈≈≈≈≈≈♣♣
♣≈≈...............≈≈♣
♣≈.................≈♣
♣≈.######'''######.≈♣
♣≈.# #.@.# #.≈♣ ♣≈##
#.hh# ##≈♣ ♣≈ #gh.#
≈♣ ♣≈ ##)## ≈♣
♣≈#....##.g.## ≈♣
♣≈#...##.....## ≈♣
♣≈#...#.......# ≈♣
♣≈#...#...8g..#+###≈♣
♣≈#...#.......#...#≈♣


You could see a gnoll sergeant (fast), 3 wolves, a gnoll shaman and a gnoll.

Vanquished Creatures
  Pikel (D:5)
  Sigmund (D:2)
  A sky beast (D:7)
  Pargi (Sewer)
  An orc warrior (D:6)
  A black bear (D:7)
  An ogre (D:5)
  2 necrophages
  A wolf (Bailey)
  2 phantoms
  A bullfrog (D:6)
  A wyvern zombie (D:7)
  2 gnoll sergeants (Bailey)
  3 scorpions (D:4)
  A wyvern skeleton (D:6)
  A water moccasin skeleton (D:7)
  5 killer bees (D:7)
  A howler monkey (D:6)
  A centaur zombie (D:7)
  4 hounds
  An orc priest (D:4)
  A jelly (D:6)
  2 bullfrog skeletons
  A centaur skeleton (D:4)
  2 gnoll shamans (Bailey)
  An iguana (D:5)
  Jessica (D:2)
  Terence (D:3)
  An orc wizard (D:6)
  A scorpion zombie (D:5)
  A hound skeleton (D:5)
  A howler monkey zombie (D:5)
  Robin (D:2)
  13 gnolls
  2 howler monkey skeletons
  10 adders
  A shadow imp (D:6)
  An adder skeleton (D:4)
  4 worms
  3 dart slugs
  9 orcs
  4 bats
  10 endoplasms
  2 giant cockroaches
  21 goblins
  10 hobgoblins
  3 jackals (D:1)
  2 quokkas
  11 ball pythons
  6 frilled lizards
  7 kobolds
  11 rats
177 creatures vanquished.

Notes
Turn   | Place    | Note
-------+----------+-------------------------------------------
     0 | D:1      | Icepheonix32 the Demonspawn Fighter began the quest for the
                  | Orb.
     0 | D:1      | Reached XP level 1. HP: 18/18 MP: 1/1
    75 | D:1      | Gained mutation: You have a pair of small horns on your
                  | head. [demonic ancestry]
    75 | D:1      | Reached XP level 2. HP: 11/24 MP: 2/2
   925 | D:2      | Noticed Robin
   925 | D:2      | Noticed Jessica
   930 | D:2      | Gained mutation: You are surrounded by a mild repulsion
                  | field. (EV +2) [demonic ancestry]
   930 | D:2      | Reached XP level 3. HP: 27/29 MP: 3/3
   947 | D:2      | Killed Robin
   963 | D:2      | Killed Jessica
   964 | D:2      | Reached skill level 1 in Polearms
   964 | D:2      | Gained mutation: Spells you cast may paralyse adjacent
                  | enemies. [demonic ancestry]
   964 | D:2      | Reached XP level 4. HP: 4/37 MP: 4/4
  1259 | D:2      | Found a runed translucent door.
  1260 | D:2      | Noticed Crazy Yiuf
  1491 | D:2      | Found a faded altar of an unknown god.
  1594 | D:2      | Noticed Sigmund
  1597 | D:2      | Gained mutation: You are frail. (-10% HP) [potion of
                  | mutation]
  1611 | D:2      | Reached skill level 4 in Fighting
  1628 | D:2      | Killed Sigmund
  1629 | D:2      | Reached skill level 1 in Dodging
  1629 | D:2      | Reached skill level 1 in Spellcasting
  1629 | D:2      | Reached XP level 5. HP: 3/38 MP: 4/6
  2115 | D:2      | Gained mutation: You have a pair of horns on your head.
                  | [demonic ancestry]
  2115 | D:2      | Reached XP level 6. HP: 37/44 MP: 6/8
  2837 | D:3      | Noticed Terence
  2849 | D:3      | Killed Terence
  3756 | D:4      | Found a burning altar of Makhleb.
  4143 | D:4      | Reached skill level 5 in Fighting
  4143 | D:4      | Reached XP level 7. HP: 40/50 MP: 8/10
  4365 | D:4      | Reached skill level 1 in Stealth
  4367 | D:4      | Reached skill level 1 in Throwing
  4649 | D:5      | Entered Level 5 of the Dungeon
  4823 | D:5      | Noticed Pikel
  4839 | D:5      | Killed Pikel
  4840 | D:5      | Reached skill level 6 in Fighting
  4840 | D:5      | Gained mutation: You have a pair of large horns on your
                  | head. [demonic ancestry]
  4840 | D:5      | Reached XP level 8. HP: 43/57 MP: 10/12
  4939 | D:5      | Found a glowing drain.
  4948 | Sewer    | Entered a sewer
  5016 | Sewer    | Lost mutation: You are frail. (-10% HP) [potion of
                  | mutation]
  5016 | Sewer    | Gained mutation: You are agile. (Dex +2) [potion of
                  | mutation]
  5016 | Sewer    | Gained mutation: You occasionally shout uncontrollably at
                  | your foes. [potion of mutation]
  5016 | Sewer    | Gained mutation: You passively dampen the noise of your
                  | surroundings. [potion of mutation]
  5051 | Sewer    | Noticed Pargi
  5061 | Sewer    | Killed Pargi
  5362 | D:5      | Found a staircase to the Ecumenical Temple.
  5418 | Temple   | Entered the Ecumenical Temple
  5616 | Temple   | Became a worshipper of Warmaster Okawaru
  5862 | D:6      | Found Zurung's Weapon Shop.
  6080 | D:6      | Found a snail-covered altar of Cheibriados.
  6085 | D:6      | Found an ornate altar of the Wu Jian Council.
  6086 | D:6      | Found a broken altar of Ashenzari.
  6099 | D:6      | Found a hazy altar of Hepliaklqana.
  6099 | D:6      | Found a radiant altar of Vehumet.
  6371 | D:6      | Reached * piety under Okawaru
  6372 | D:6      | Reached XP level 9. HP: 56/71 MP: 14/14
  6567 | D:6      | Learned a level 3 spell: Dazzling Flash
  6571 | D:6      | Learned a level 3 spell: Mephitic Cloud
  6975 | D:7      | Reached skill level 7 in Fighting
  7044 | D:7      | Reached skill level 1 in Conjurations
  7092 | D:7      | Found a flagged portal.
  7117 | Bailey   | Entered a bailey
  7443 | Bailey   | Reached ** piety under Okawaru
  8020 | Bailey   | HP: 3/72 [wolf (9)]
  8021 | Bailey   | Slain by a wolf

Illustrated notes

Levels and vault maps discovered:
D:1:      scummos_arrival_gate, layout_loops_ring
D:2:      minmay_razor_zed, layout_basic,
          hellmonk_ecumenical_altar_pennies_from_heaven, uniq_robin,
          uniq_jessica, uniq_crazy_yiuf_cottage, uniq_sigmund
D:3:      layout_basic, minmay_box_of_dots, uniq_terence
D:4:      layout_cave_pods, lemuel_tele_altar, serial_bayou_crossing
D:5:      layout_basic, temple_statues, portal_sewer_entry_e, uniq_pikel
D:6:      layout_loops_cross, minmay_overflow_temple_star_hex, serial_shops,
          nicolae_shop_bloodbath_and_beyond
D:7:      layout_loops_ring, serial_shops, nicolae_square_shop, enter_bailey_5,
          kennysheep_generic_room_14
Temple:   eino_temple_rhombus
Bailey:   bailey_polearm_gnolls_kennysheep, bailey

Skill      XL: |  1  2  3  4  5  6  7  8  9 |
---------------+----------------------------+-----
Long Blades    | 2 |  2.1
Armour         | 3 4 |  4.4
Polearms       | 1 3 |  3.6
Fighting       | 4 5 6 7 |  7.4
Dodging        | 1 2 3 4 |  4.9
Shields        | 3 |  3.2
Spellcasting   | 1 2 3 4 |  4.6
Stealth        | 2 |  2.5
Throwing       | 1 2 |  2.1
Maces & Flails | 2 3 |  3.8
Conjurations   | 2 |  2.0

Action                   |  1- 3 |  4- 6 |  7- 9 || total
-------------------------+-------+-------+-------++-------
Melee: Long sword        |    33 |     6 |       ||    39
       Spear             |    54 |   152 |   129 ||   335
       Headbutt          |     7 |    19 |    58 ||    84
       Mace              |       |     6 |   117 ||   123
Throw: Boomerang         |       |    15 |     4 ||    19
       Dart              |       |     7 |     8 ||    15
 Cast: Dazzling Flash    |       |       |     1 ||     1
Invok: Heroism           |       |       |     2 ||     2
  Use: Potion            |     1 |     3 |     7 ||    11
       Scroll            |       |       |    11 ||    11
 Stab: Sleeping          |       |     1 |       ||     1
       Distracted        |       |       |     2 ||     2
       Paralysed         |       |       |     2 ||     2
Armor: Scale mail        |    46 |       |       ||    46
       Ring mail         |       |    18 |       ||    18
       Leather armour    |       |    16 |    49 ||    65
Dodge: Dodged            |    37 |    82 |   199 ||   318
Block: Buckler           |    15 |    12 |       ||    27
       Kite shield       |       |    16 |       ||    16
